 Dungeon Crawl Stone Soup version 0.31.0-12-g77e489cdc1 (webtiles) character file.

Game seed: 3649863420030378757

114 112233 the Shield-Bearer (level 4, -8/31 HPs)
             Began as an Octopode Fighter on Feb 18, 2024.
             Mangled by an ogre
             ... wielding a +0 giant club
              (28 damage)
             ... on level 4 of the Dungeon.
             The game lasted 00:01:21 (2711 turns).

112233 the Shield-Bearer (Octopode Fighter)         Turns: 2711, Time: 00:01:22

Health: -8/31      AC:  1    Str: 15    XL:     4   Next: 98%
Magic:  4/4        EV: 13    Int: 10    God:
Gold:   229        SH:  5    Dex: 13    Spells: 3/3 levels left

rFire   . .          .
                       - Unarmed
rCold   . . .        a - +0 buckler
rNeg    . . .        (helmet restricted)
rPois   .            (no amulet)
rElec   .            (no ring)
rCorr   .            (no ring)
SInv    .            (no ring)
Will    .....        (no ring)
Stlth   ++           (no ring)
HPRegen 0.25/turn    (no ring)
MPRegen 0.09/turn    (no ring)
                     (no ring)

%: no passive effects
@: mighty
A: almost no armour, amphibious, 8 rings, camouflage 1, gelatinous body 1,
(nimble swimmer 1), tentacles
a: no special abilities


You were on level 4 of the Dungeon.
You visited 1 branch of the dungeon, and saw 4 of its levels.

You collected 229 gold pieces.

Inventory:

Armour
 a - a +0 buckler (worn)
Jewellery
 l - an amulet of faith
Scrolls
 f - a scroll of immolation {unknown}
 g - 3 scrolls of identify {unknown}
 k - a scroll of butterflies {unknown}
Potions
 b - a potion of might
 c - 3 potions of lignification {unknown}
 d - a potion of degeneration {unknown}
 e - a potion of heal wounds {unknown}
 h - a potion of mutation {unknown}
 i - a potion of berserk rage {unknown}
 j - a potion of haste {unknown}


   Skills:
 + Level 3.5 Fighting
 + Level 3.6 Dodging
 + Level 3.6 Shields
 * Level 3.4 Unarmed Combat


You had 3 spell levels left.
You didn't know any spells.
Your spell library was empty.

Dungeon Overview and Level Annotations

Branches:
Dungeon (4/15)
 Temple: D:4-7

Altars:

Shops:
D:1 ?


Innate Abilities, Weirdness & Mutations

You cannot wear most types of armour.
You are amphibious.
You can wear up to eight rings at the same time.
Your skin changes colour to match your surroundings (Stealth+).
Your rubbery body absorbs attacks. (AC +1, EV +1)
((You are camouflaged when in or above water. (Stealth+)))
You have tentacles for arms and can constrict up to eight enemies at once.


Message History

No target in view!
Done exploring.
No target in view!
Done exploring.
There is a stone staircase leading down here.
You climb downwards.
There is a stone staircase leading up here.
Unknown command.
There is a stone staircase leading up here.
Found a buckler.
There is a stone staircase leading up here.
You can't go up here!
There is a stone staircase leading up here.
You climb upwards.
There is a stone staircase leading down here.
Unknown command.
You climb downwards.
There is a stone staircase leading up here.
Unknown command.
c - 3 clear potions (gained 1)
You open the door.
Found a ring mail.
There is an open door here.
g - 3 scrolls labelled ECIORI FUIPPAL (gained 1)
You open the door.
There is an open door here.
An ogre comes into view. It is wielding a +0 giant club.
An ogre is nearby!
An ogre is nearby!
The ogre shouts!
An ogre is nearby!
You aren't carrying any items that you can evoke.
Unknown command.
You feel very mighty all of a sudden.
You barely miss the ogre. The ogre hits you with a +0 giant club!
You barely miss the ogre. You squeeze the ogre!
The ogre is heavily wounded.
The ogre hits you with a +0 giant club!!
Ouch! That really hurt!
You die...

#.# #+## #.## #.#
#..# ##### ###.####
##.# #...# #.......
#.# #.#.###....##
##.###.#.........#.#
#......#............
#.#.#######..#.###.#
#..... #......@O...#
######.#.###########
#


You could see an ogre.

Vanquished Creatures
  A bombardier beetle (D:3)
  A gnoll (D:1)
  An adder (D:3)
  A dart slug (D:2)
  An orc (D:3)
  6 endoplasms
  3 giant cockroaches
  7 goblins
  3 hobgoblins
  2 jackals (D:2)
  5 kobolds
  A quokka (D:2)
  7 ball pythons
  6 bats
  5 frilled lizards
  5 rats
55 creatures vanquished.

Notes
Turn   | Place    | Note
-------+----------+-------------------------------------------
     0 | D:1      | 112233 the Octopode Fighter began the quest for the Orb.
     0 | D:1      | Reached XP level 1. HP: 16/16 MP: 1/1
   180 | D:1      | Found Zucoj's Magic Scroll Shop.
   187 | D:1      | Reached XP level 2. HP: 17/21 MP: 2/2
   676 | D:1      | Reached XP level 3. HP: 19/26 MP: 3/3
  1793 | D:2      | Reached XP level 4. HP: 30/31 MP: 4/4
  2705 | D:4      | Noticed an ogre
  2711 | D:4      | Mangled by an ogre

Illustrated notes

Levels and vault maps discovered:
D:1:      onia_arrival_mini_maze, layout_basic, serial_shops, nicolae_shop_stone
D:2:      layout_loops_ring, minmay_gold_behind_fungi, minmay_misc_feat_room
D:3:      layout_basic
D:4:      layout_loops_corners, ebering_ghost_inner_flame, st_stairs_6,
          uniq_robin

Skill      XL: |  1  2  3 |
---------------+----------+-----
Unarmed Combat | 3 |  3.4
Fighting       | |  3.5
Dodging        | |  3.6
Shields        | |  3.6

Action                     |  1- 3 |  4- 6 || total
---------------------------+-------+-------++-------
  Melee: Unarmed           |    81 |    30 ||   111
         Tentacles         |    17 |     7 ||    24
         Punch             |     5 |       ||     5
         Constrict         |    22 |     5 ||    27
    Use: Potion            |       |     1 ||     1
   Stab: Sleeping          |     5 |     2 ||     7
 Armour: Skin              |    30 |     8 ||    38
  Dodge: Dodged            |    47 |    13 ||    60
  Block: Buckler           |     9 |     2 ||    11
